 Dungeon Crawl Stone Soup version 0.27-a0-291-gd9602db6ee (webtiles) character file.

Game seed: 11856913303601670586

4195 dolemite99 the Cleaver (level 10, -6/93 HPs)
             Began as a Hill Orc Fighter on Feb 10, 2021.
             Was a Believer of Ashenzari.
             Mangled by a boulder beetle (22 damage)
             ... on level 8 of the Dungeon.
             The game lasted 00:12:02 (10696 turns).

dolemite99 the Cleaver (Hill Orc Fighter)          Turns: 10696, Time: 00:12:02

Health: -6/93      AC: 18    Str: 23    XL:     10   Next: 29%
Magic:  10/10      EV:  5    Int:  8    God:    Ashenzari [**....]
Gold:   673        SH: 12    Dex: 16    Spells: 9/9 levels left

rFire    . . .     SeeInvis .   a - +4 war axe (curse)
rCold    . . .     Faith    .   c - +0 kite shield (curse)
rNeg     . . .     Spirit   .   h - +0 plate armour
rPois    .         Reflect  .   N - +2 helmet (curse)
rElec    .         Harm     .   F - +1 cloak
rCorr    .         Rampage  .   L - +0 pair of gloves (curse)
Will     .....                  (no boots)
Stlth    ..........             (no amulet)
HPRegen  0.25/turn              K - +6 ring of dexterity (curse)
MPRegen  0.12/turn              (no ring)

@: no status effects
A: no striking features
a: Renounce Religion, Convert to Beogh, Curse Item, Scrying


You were on level 8 of the Dungeon.
You worshipped Ashenzari.
Ashenzari was pleased with you.
You visited 1 branch of the dungeon, and saw 8 of its levels.

You collected 673 gold pieces.

Inventory:

Hand Weapons
 a - a cursed +4 war axe (weapon)
 z - a +2 spear of venom
 D - the +10 dark maul {vorpal}
   (You found it on level 4 of the Dungeon)

   It inflicts extra damage upon your enemies.
 J - a +0 scimitar
 O - a +1 morningstar
Missiles
 f - 100 sling bullets
 i - 138 arrows
 q - 27 boomerangs (quivered)
 s - 139 stones
 t - 6 boomerangs of dispersal
 x - 3 atropa-tipped darts
 y - 40 bolts
 C - 28 poisoned darts
Armour
 b - a +0 scale mail
 c - a cursed +0 kite shield (worn)
 h - a +0 plate armour (worn)
 j - a cursed +0 buckler
 B - a +0 helmet
 F - a +1 cloak (worn)
 L - a cursed +0 pair of gloves (worn)
 N - a cursed +2 helmet (worn)
Jewellery
 d - an uncursed ring of protection from fire
 l - an uncursed ring of ice
 m - a cursed ring of teleportation
 o - an uncursed ring of magical power
 v - an uncursed ring of ice
 I - an uncursed ring of ice
 K - a cursed +6 ring of dexterity (left hand)
Wands
 k - a wand of acid (2)
 E - a wand of flame (42)
Scrolls
 g - 2 scrolls of teleportation {unknown}
 n - a scroll of immolation
 p - 4 scrolls of remove curse {@r2}
 r - a scroll of blinking
 G - 3 scrolls of magic mapping
 H - a scroll of noise {unknown}
 M - a scroll of holy word
Potions
 e - 3 potions of curing
 u - 2 potions of heal wounds
 w - 3 potions of brilliance
 A - 3 potions of lignification


   Skills:
 - Level 10.2 Fighting
 - Level 11.6(13.6) Axes
 + Level 3.5 Armour
 - Level 7.6(9.1) Shields
 - Level 5.3 Evocations


You had 9 spell levels left.
You didn't know any spells.
Your spell library contained the following spells:

 Spells                   Type           Power        Failure   Level
 Sublimation of Blood     Necr           0%           100%        2
 Ignite Poison            Fire/Tmut/Pois 0%           100%        3
 Petrify                  Tmut/Erth      0%           100%        4
 Alistair's Intoxication  Tmut/Pois      0%           100%        5
 Irradiate                Conj/Tmut      0%           100%        5
 Eringya's Noxious Bog    Tmut/Pois      0%           100%        6


Dungeon Overview and Level Annotations

Branches:
Dungeon (8/15)             Temple (0/1) D:5
   Lair: D:8-11

Altars:
Ashenzari
Gozag
Hepliaklqana
Ru
Sif Muna
Trog
Uskayaw
Wu Jian
Xom

Annotations:
D:7 2 transporters, Tarl's ghost, novice DsFi


Message History

The cyclops is moderately wounded.
You block the cyclops's attack.
You slash the cyclops!
The cyclops is heavily wounded.
The cyclops hits you!
You slice the cyclops!!
The cyclops is almost dead.
You hit the cyclops.
The cyclops is almost dead.
The cyclops hits you!
The cyclops throws a large rock.
The large rock hits you!!
An orc high priest comes into view.
It is wielding a +1 long sword of freezing.
The boulder beetle curls into a ball and begins rolling!
Things that are here:
a +0 dire flail; an orc skeleton
There is a stone staircase leading up, spattered with blood here.
The cyclops throws a large rock.
The large rock hits you!
* * * LOW HITPOINT WARNING * * *
The boulder beetle hits you!!
You die...

#......# ,* ,
#.....)# **
#......####.#
#............
#####
###...#########
#...#
###.o...#.., ,
*, .##.####
#...C...'...'
.##....#
#.).°°Z.#...#
.##..#.#
###@B○....##'##
* .##....#
#.........# ..#,
.#...###
#.#.......#,,.#.
' .#...##
#.##......# ,,#)
......# * ,
..,.....###* * *
......# , .#.
.###.# , ......#
, .... . ,..' ,
......# #. ..
,## ......# *,..
..,,


You could see a boulder beetle, an orc high priest, a cyclops and a quokka
zombie.

Vanquished Creatures
  A two-headed ogre (D:8)
  Maggie (D:7)
  A slime creature (D:7)
  Prince Ribbit (D:7)
  Sigmund (D:2)
  An orc warrior (D:8)
  3 ogres (D:7)
  A necrophage (D:6)
  An ice beast (D:8)
  3 sky beasts
  2 phantoms
  2 bullfrogs (D:7)
  A scorpion (D:5)
  5 killer bees (D:8)
  5 wights (D:8)
  6 howler monkeys
  2 bullfrog zombies
  2 hounds
  A quasit (D:5)
  A jelly (D:8)
  Crazy Yiuf (D:4)
  A bullfrog skeleton (D:8)
  2 orc priests
  3 iguanas
  Natasha (thrice) (D:3)
  3 orc wizards
  5 worker ants
  A killer bee zombie (D:5)
  Robin (D:4)
  4 gnolls (D:6)
  A howler monkey skeleton (D:6)
  7 adders
  4 shadow imps
  3 white imps
  4 ufetubi
  An adder zombie (D:8)
  An adder skeleton (D:4)
  A worm (D:3)
  3 dart slugs
  4 leopard geckos
  16 orcs
  9 bats
  5 giant cockroaches
  5 hobgoblins
  9 jackals
  2 kobolds (D:3)
  2 frilled lizards
  14 goblins
  2 jackal zombies
  9 rats
167 creatures vanquished.

Vanquished Creatures (others)
  A quokka (D:5)
1 creature vanquished.

Grand Total: 168 creatures vanquished

Notes
Turn   | Place    | Note
-------+----------+-------------------------------------------
     0 | D:1      | dolemite99 the Hill Orc Fighter began the quest for the
                  | Orb.
     0 | D:1      | Reached XP level 1. HP: 19/19 MP: 1/1
    83 | D:1      | Reached skill level 3 in Axes
   284 | D:1      | Reached XP level 2. HP: 26/26 MP: 2/2
   365 | D:1      | Reached skill level 4 in Axes
   654 | D:1      | Reached XP level 3. HP: 29/31 MP: 3/3
  1076 | D:1      | Reached skill level 5 in Axes
  1451 | D:2      | Found a broken altar of Ashenzari.
  1455 | D:2      | Became a worshipper of Ashenzari the Shackled
  1536 | D:2      | Found a sacrificial altar of Ru.
  2002 | D:2      | Reached XP level 4. HP: 11/39 MP: 4/4
  2527 | D:2      | Noticed Sigmund
  2549 | D:2      | Killed Sigmund
  2550 | D:2      | Reached skill level 8 in Axes
  2550 | D:2      | Reached XP level 5. HP: 29/45 MP: 5/5
  2918 | D:3      | Reached XP level 6. HP: 51/51 MP: 6/6
  2959 | D:3      | Found an opulent altar of Gozag.
  3220 | D:3      | Noticed Natasha
  3228 | D:3      | Killed Natasha
  3718 | D:3      | Noticed Natasha
  3729 | D:3      | Killed Natasha
  3730 | D:3      | Reached skill level 9 in Axes
  3868 | D:3      | Found an ornate altar of the Wu Jian Council.
  4134 | D:3      | Noticed Natasha
  4140 | D:3      | Killed Natasha
  4151 | D:4      | Noticed Robin
  4410 | D:4      | Killed Robin
  4525 | D:4      | Found the +10 dark maul {vorpal}
  4559 | D:4      | Reached * piety under Ashenzari
  4635 | D:4      | Found a shimmering blue altar of Sif Muna.
  4726 | D:4      | Reached XP level 7. HP: 49/57 MP: 7/7
  5112 | D:4      | Reached skill level 10 in Axes
  5269 | D:4      | Found a runed translucent door.
  5270 | D:4      | Noticed Crazy Yiuf
  5383 | D:4      | Killed Crazy Yiuf
  5530 | D:5      | Entered Level 5 of the Dungeon
  5532 | D:5      | Found a hide-covered altar of Uskayaw.
  5535 | D:5      | Noticed a +0 dagger
  5535 | D:5      | Noticed a +0 dagger
  5738 | D:5      | Found a staircase to the Ecumenical Temple.
  5778 | D:5      | Reached skill level 11 in Axes
  6199 | D:5      | Found a hazy altar of Hepliaklqana.
  6237 | D:5      | Reached XP level 8. HP: 62/64 MP: 8/8
  6377 | D:5      | Reached skill level 5 in Fighting
  7251 | D:6      | Found a shimmering altar of Xom.
  7601 | D:6      | Reached ** piety under Ashenzari
  7712 | D:7      | Reached skill level 1 in Evocations
  7788 | D:7      | Noticed Maggie
  7806 | D:7      | Killed Maggie
  7807 | D:7      | Reached XP level 9. HP: 52/79 MP: 9/9
  8007 | D:7      | Reached skill level 5 in Evocations
  8339 | D:7      | Noticed Prince Ribbit
  8354 | D:7      | Killed Prince Ribbit
  8708 | D:7      | Noticed a moth of wrath
  8716 | D:7      | Noticed Tarl's ghost (novice DsFi)
  8732 | D:7      | Found a bloodstained altar of Trog.
  8732 | D:7      | Identified the +7 flail of the Skies Above {antimagic,
                  | rElec rPois Str+3 Dex+2}
  8739 | D:7      | Found a transporter.
  8756 | D:7      | Found a transporter.
  9099 | D:8      | Reached skill level 5 in Shields
  9360 | D:8      | Noticed a two-headed ogre
  9366 | D:8      | Killed a two-headed ogre
  9367 | D:8      | Reached XP level 10. HP: 91/91 MP: 10/10
  9794 | D:7      | Reached skill level 10 in Fighting
 10675 | D:8      | Noticed a cyclops
 10677 | D:8      | Noticed a boulder beetle
 10691 | D:8      | Noticed an orc high priest
 10696 | D:8      | Mangled by a boulder beetle

Illustrated notes

Levels and vault maps discovered:
D:1:      shiori_shiawase, layout_basic, st_stairs_11, minmay_tetromino_l4
D:2:      layout_loops_cross, ashenzari_altar_1, lemuel_round_altar,
          uniq_sigmund
D:3:      layout_loops_corners, nzn_wu_jian_council_hall,
          general_overflow_altar, uniq_natasha
D:4:      layout_basic, led_sif_pool, uniq_robin, uniq_crazy_yiuf_cottage
D:5:      minmay_diamond_boxcup, layout_rooms, nzn_hepliaklqana_mist_gate,
          dancing_weapons_uskayaw, minmay_temple_entry_sparse_star,
          minmay_holes, lemuel_flamethrower_1
D:6:      layout_rooms, xom_teletrap_fun
D:7:      layout_basic, gammafunk_ghost_wrathful_warriors, uniq_prince_ribbit1,
          uniq_maggie
D:8:      layout_basic, minmay_evil_grid

Skill      XL: |  1  2  3  4  5  6  7  8  9 10 |
---------------+-------------------------------+-----
Axes           | 3 4 5 8 9 11 | 11.6
Fighting       | 7 9 10 | 10.2
Evocations     | 4 5 |  5.3
Shields        | 6 7 |  7.6
Armour         | |  3.5

Action                   |  1- 3 |  4- 6 |  7- 9 | 10-12 || total
-------------------------+-------+-------+-------+-------++-------
Melee: War axe           |   121 |   101 |   288 |    66 ||   576
Throw: Boomerang         |       |     8 |    28 |     3 ||    39
Invok: Curse Item        |       |     2 |     2 |       ||     4
Evoke: Wand              |       |       |     9 |       ||     9
  Use: Scroll            |     2 |     1 |    16 |       ||    19
       Potion            |       |     2 |     2 |       ||     4
Armor: Scale mail        |    75 |    38 |   131 |    19 ||   263
       Skin              |       |       |    13 |     7 ||    20
       Plate armour      |       |       |       |     3 ||     3
Dodge: Dodged            |    57 |    30 |    77 |    18 ||   182
Block: Kite shield       |    82 |    53 |   122 |    36 ||   293

Table legend: (Time is in decaauts)
 A = Elapsed time spent in this place.
 B = Non-inter-level travel time spent in this place.
 C = Inter-level travel time spent in this place.
 D = Time resting spent in this place.
 E = Time spent auto-exploring this place.
 F = Levels seen in this place.
 G = Mean time per level.
                   A        B        C        D        E       F      G
               +--------+--------+--------+--------+--------+-----+--------+
         Total |  10852 |  10486 |    366 |   4088 |   4516 |   8 | 1356.5 |
       Dungeon |  10852 |  10486 |    366 |   4088 |   4516 |   8 | 1356.5 |
               +--------+--------+--------+--------+--------+-----+--------+

Top non-repeatable levels by time:
     D:7: 2508 daAuts
     D:3: 1533 daAuts
     D:2: 1480 daAuts
     D:1: 1478 daAuts
     D:4: 1152 daAuts
     D:5: 1144 daAuts
     D:6: 1054 daAuts
     D:8: 500 daAuts
